TOP OF THE 1ST |
Lake Minnetonka Love Boats batting - Pitching for Chesapeake Continentals : RHP Tsu-wee Qi
|
Pitching: RHP Tsu-wee Qi
|
|
Batting: LHB Tom Haymon
|
0-0: Swinging Strike 0-1: Ball 1-1: Swinging Strike 1-2: Ball 2-2: Ball 3-2: SINGLE (Groundball, 34S) (infield hit)
|
Batting: SHB Mike Waddingham
|
0-0: Grounds into double play, 4-6-3 (Groundball, 4)
|
Batting: RHB Mario van Heijbeeck
|
0-0: Foul Ball, location: 2F 0-1: Ground out 5-3 (Groundball, 56)
|
Top of the 1st over - 0 runs, 1 hit, 0 errors, 0 left on base; Lake Minnetonka 0 - Chesapeake 0 |
BOTTOM OF THE 1ST |
Chesapeake Continentals batting - Pitching for Lake Minnetonka Love Boats : RHP Dylan Telford
|
Pitching: RHP Dylan Telford
|
|
Batting: RHB Tony Calhoun
|
0-0: Called Strike 0-1: Ball 1-1: Fly out, F2 (Popup, 23F)
|
Batting: SHB Tomás Valdéz
|
0-0: Ball 1-0: Called Strike 1-1: Ball 2-1: Swinging Strike 2-2: Ground out U3 (Groundball, 34)
|
Batting: RHB Santiago Valentín
|
0-0: Ball 1-0: Foul Ball, location: 2F 1-1: Ground out 5-3 (Groundball, 56S)
|
Bottom of the 1st over - 0 runs, 0 hits, 0 errors, 0 left on base; Lake Minnetonka 0 - Chesapeake 0 |
TOP OF THE 2ND |
Lake Minnetonka Love Boats batting - Pitching for Chesapeake Continentals : RHP Tsu-wee Qi
|
Batting: LHB Juan Ramírez
|
0-0: Called Strike 0-1: Ball 1-1: Swinging Strike 1-2: Foul Ball, location: 2F 1-2: SINGLE (Groundball, 3S) (infield hit)
|
Batting: RHB Guillermo Carrizales
|
0-0: Foul Ball, location: 2F 0-1: SINGLE (Flyball, 89S) Juan Ramírez to second Runner from 2nd tries for 3rd, SAFE, no throw
|
Batting: LHB Wilton Maynard
|
0-0: SINGLE (Groundball, 4MS) (infield hit) Juan Ramírez scores Guillermo Carrizales to second
|
Batting: RHB Francisco Guerra
|
0-0: Called Strike 0-1: Foul Ball, location: 2F 0-2: Foul Ball, location: 2F 0-2: Ball 1-2: Ball 2-2: Strikes out swinging
|
Batting: RHB Martin van Veldhuizen
|
0-0: Ball 1-0: Ball 2-0: Ball 3-0: Called Strike 3-1: Grounds into double play, 6-4-3 (Groundball, 6)
|
Top of the 2nd over - 1 run, 3 hits, 0 errors, 1 left on base; Lake Minnetonka 1 - Chesapeake 0 |
BOTTOM OF THE 2ND |
Chesapeake Continentals batting - Pitching for Lake Minnetonka Love Boats : RHP Dylan Telford
|
Batting: LHB Raphaël Duval
|
0-0: Ball 1-0: Ball 2-0: Ground out 4-3 (Groundball, 4)
|
Batting: RHB Manuel Ángel
|
0-0: SINGLE (Groundball, 6D)
|
Batting: RHB Nick Bechtel
|
0-0: Ball 1-0: Called Strike 1-1: Ball 2-1: Called Strike 2-2: Strikes out swinging
|
Batting: RHB Mark Sawyer
|
0-0: Ball 1-0: Ball Wild Pitch! Manuel Ángel to second 2-0: Ball 3-0: Base on Balls
|
Batting: RHB Shou-chien Luo
|
0-0: Called Strike 0-1: Ball 1-1: Foul Ball, location: 2F 1-2: Ball 2-2: Ball 3-2: Base on Balls Manuel Ángel to third Mark Sawyer to second
|
Batting: RHB Román Sánchez
|
0-0: Ball 1-0: Foul Ball, location: 2F 1-1: Ball 2-1: Foul Ball, location: 2F 2-2: Ball 3-2: Foul Ball, location: 2F 3-2: Strikes out swinging
|
Bottom of the 2nd over - 0 runs, 1 hit, 0 errors, 3 left on base; Lake Minnetonka 1 - Chesapeake 0 |
TOP OF THE 3RD |
Lake Minnetonka Love Boats batting - Pitching for Chesapeake Continentals : RHP Tsu-wee Qi
|
Batting: RHB Yoshii Saikawa
|
0-0: Swinging Strike 0-1: Called Strike 0-2: Ball 1-2: Ball 2-2: Foul Ball, location: 2F 2-2: Ball 3-2: Strikes out swinging
|
Batting: LHB Tom Haymon
|
0-0: SINGLE (Groundball, 4MD)
|
Batting: SHB Mike Waddingham
|
0-0: Called Strike 0-1: Ball 1-1: Called Strike 1-2: Fly out, F8 (Flyball, 8RM)
|
Batting: RHB Mario van Heijbeeck
|
0-0: Swinging Strike 0-1: Ball 1-1: Foul Ball, location: 2F 1-2: Ball Tom Haymon steals 2nd base 2-2: Strikes out looking
|
Top of the 3rd over - 0 runs, 1 hit, 0 errors, 1 left on base; Lake Minnetonka 1 - Chesapeake 0 |
BOTTOM OF THE 3RD |
Chesapeake Continentals batting - Pitching for Lake Minnetonka Love Boats : RHP Dylan Telford
|
Batting: RHB Tony Calhoun
|
0-0: Ground out U3 (Groundball, 3)
|
Batting: SHB Tomás Valdéz
|
0-0: Ball 1-0: Foul Ball, location: 2F 1-1: Ball 2-1: Called Strike 2-2: Ball 3-2: Foul Ball, location: 2F 3-2: Fly out, F8 (Flyball, 8LD)
|
Batting: RHB Santiago Valentín
|
0-0: Ball 1-0: Foul Ball, location: 2F 1-1: Ball 2-1: Ball 3-1: Base on Balls
|
Batting: LHB Raphaël Duval
|
0-0: Called Strike 0-1: Ball Santiago Valentín steals 2nd base 1-1: Foul Ball, location: 2F 1-2: Ball 2-2: Ball 3-2: Base on Balls
|
Batting: RHB Manuel Ángel
|
0-0: Ball 1-0: Ball 2-0: Ball 3-0: Base on Balls Santiago Valentín to third Raphaël Duval to second
|
Batting: RHB Nick Bechtel
|
0-0: Called Strike 0-1: Called Strike 0-2: Ball 1-2: Foul Ball, location: 2F 1-2: Ball 2-2: Strikes out looking
|
Bottom of the 3rd over - 0 runs, 0 hits, 0 errors, 3 left on base; Lake Minnetonka 1 - Chesapeake 0 |
TOP OF THE 4TH |
Lake Minnetonka Love Boats batting - Pitching for Chesapeake Continentals : RHP Tsu-wee Qi
|
Batting: LHB Juan Ramírez
|
0-0: Ball 1-0: Foul Ball, location: 2F 1-1: Foul Ball, location: 2F 1-2: Strikes out swinging
|
Batting: RHB Guillermo Carrizales
|
0-0: Ground out 1-3 (Groundball, P)
|
Batting: LHB Wilton Maynard
|
0-0: DOUBLE (Flyball, 89D)
|
Batting: RHB Francisco Guerra
|
0-0: Ball 1-0: Ball 2-0: Ball 3-0: Base on Balls
|
Batting: RHB Martin van Veldhuizen
|
0-0: Foul Ball, location: 2F 0-1: Called Strike 0-2: DOUBLE (Line Drive, 8RD) Wilton Maynard scores Francisco Guerra to third Runner from 3rd tries for Home, SAFE, no throw
|
Batting: RHB Yoshii Saikawa
|
0-0: Ball 1-0: Called Strike 1-1: Ball 2-1: Swinging Strike 2-2: Foul Ball, location: 2F 2-2: Ball 3-2: Strikes out swinging
|
Top of the 4th over - 2 runs, 2 hits, 0 errors, 1 left on base; Lake Minnetonka 3 - Chesapeake 0 |
BOTTOM OF THE 4TH |
Chesapeake Continentals batting - Pitching for Lake Minnetonka Love Boats : RHP Dylan Telford
|
Batting: RHB Mark Sawyer
|
0-0: Called Strike 0-1: Called Strike 0-2: Ball 1-2: Foul Ball, location: 2F 1-2: Ball 2-2: SINGLE (Line Drive, 7S)
|
Batting: RHB Shou-chien Luo
|
0-0: Ball 1-0: Called Strike 1-1: Ball 2-1: Fly out, F8 (Line Drive, 8RM)
|
Batting: RHB Román Sánchez
|
0-0: Ball 1-0: Fly out, F7 (Flyball, 7S)
|
Batting: RHB Tony Calhoun
|
0-0: Ball 1-0: Called Strike Mark Sawyer steals 2nd base 1-1: Ball 2-1: Ground out 4-3 (Groundball, 4)
|
Bottom of the 4th over - 0 runs, 1 hit, 0 errors, 1 left on base; Lake Minnetonka 3 - Chesapeake 0 |
TOP OF THE 5TH |
Lake Minnetonka Love Boats batting - Pitching for Chesapeake Continentals : RHP Tsu-wee Qi
|
Batting: LHB Tom Haymon
|
0-0: Ball 1-0: Fly out, F7 (Line Drive, 7)
|
Batting: SHB Mike Waddingham
|
0-0: Foul Ball, location: 2F 0-1: Swinging Strike 0-2: Strikes out looking
|
Batting: RHB Mario van Heijbeeck
|
0-0: SINGLE (Line Drive, 89S)
|
Batting: LHB Juan Ramírez
|
0-0: Called Strike 0-1: Ball 1-1: Ground out U3 (Groundball, 34)
|
Top of the 5th over - 0 runs, 1 hit, 0 errors, 1 left on base; Lake Minnetonka 3 - Chesapeake 0 |
BOTTOM OF THE 5TH |
Chesapeake Continentals batting - Pitching for Lake Minnetonka Love Boats : RHP Dylan Telford
|
Batting: SHB Tomás Valdéz
|
0-0: Fly out, F9 (Flyball, 9LM)
|
Batting: RHB Santiago Valentín
|
0-0: Called Strike 0-1: Swinging Strike 0-2: Foul Ball, location: 2F 0-2: Strikes out swinging
|
Batting: LHB Raphaël Duval
|
0-0: Foul Ball, location: 2F 0-1: Fly out, F2 (Popup, 2L)
|
Bottom of the 5th over - 0 runs, 0 hits, 0 errors, 0 left on base; Lake Minnetonka 3 - Chesapeake 0 |
TOP OF THE 6TH |
Lake Minnetonka Love Boats batting - Pitching for Chesapeake Continentals : RHP Tsu-wee Qi
|
Batting: RHB Guillermo Carrizales
|
0-0: Foul Ball, location: 2F 0-1: Fly out, F8 (Flyball, 8LD)
|
Batting: LHB Wilton Maynard
|
0-0: Ball 1-0: Foul Ball, location: 2F 1-1: Ball 2-1: Fly out, F9 (Flyball, 9)
|
Batting: RHB Francisco Guerra
|
0-0: Ground out 5-3 (Groundball, 56)
|
Top of the 6th over - 0 runs, 0 hits, 0 errors, 0 left on base; Lake Minnetonka 3 - Chesapeake 0 |
BOTTOM OF THE 6TH |
Chesapeake Continentals batting - Pitching for Lake Minnetonka Love Boats : RHP Dylan Telford
|
Batting: RHB Manuel Ángel
|
0-0: Ball 1-0: SINGLE (Line Drive, 9S)
|
Pitching: RHP Héctor Barrera
|
|
Batting: RHB Nick Bechtel
|
0-0: Called Strike 0-1: Ball 1-1: Ball 2-1: Ball 3-1: Foul Ball, location: 2F 3-2: Base on Balls Manuel Ángel to second
|
Batting: RHB Mark Sawyer
|
0-0: Swinging Strike 0-1: Called Strike 0-2: Ball 1-2: Ball 2-2: Grounds into double play, 5-4-3 (Groundball, 56) Manuel Ángel to third
|
Batting: RHB Shou-chien Luo
|
0-0: Ball 1-0: Ball 2-0: Foul Ball, location: 2F 2-1: Fly out, F8 (Flyball, 8RS)
|
Bottom of the 6th over - 0 runs, 1 hit, 0 errors, 1 left on base; Lake Minnetonka 3 - Chesapeake 0 |
TOP OF THE 7TH |
Lake Minnetonka Love Boats batting - Pitching for Chesapeake Continentals : RHP Tsu-wee Qi
|
Batting: RHB Martin van Veldhuizen
|
0-0: Foul Ball, location: 2F 0-1: Ball 1-1: Foul Ball, location: 2F 1-2: Ball 2-2: Ground out 4-3 (Groundball, 4)
|
Batting: RHB Yoshii Saikawa
|
0-0: Ball 1-0: Ball 2-0: Called Strike 2-1: Foul Ball, location: 2F 2-2: Ball 3-2: Foul Ball, location: 2F 3-2: SINGLE (Groundball, 6MD)
|
Batting: LHB Tom Haymon
|
0-0: Ball 1-0: Ball 2-0: SINGLE (Line Drive, 8RS) Yoshii Saikawa to second
|
Batting: SHB Mike Waddingham
|
0-0: Called Strike 0-1: Foul Ball, location: 2F 0-2: Strikes out looking
|
Batting: RHB Mario van Heijbeeck
|
0-0: Fielders Choice at 2nd, 6-4 (Groundball, 6)
|
Top of the 7th over - 0 runs, 2 hits, 0 errors, 2 left on base; Lake Minnetonka 3 - Chesapeake 0 |
BOTTOM OF THE 7TH |
Chesapeake Continentals batting - Pitching for Lake Minnetonka Love Boats : RHP Héctor Barrera
|
Batting: RHB Román Sánchez
|
0-0: Fly out, F7 (Flyball, 78M)
|
Batting: RHB Tony Calhoun
|
0-0: Ball 1-0: Foul Ball, location: 2F 1-1: Foul Ball, location: 2F 1-2: Foul Ball, location: 2F 1-2: Ball 2-2: Foul Ball, location: 2F 2-2: Ball 3-2: Ground out 6-3 (Groundball, 6)
|
Batting: SHB Tomás Valdéz
|
0-0: Ball 1-0: Foul Ball, location: 2F 1-1: Ball 2-1: Ball 3-1: Foul Ball, location: 2F 3-2: Base on Balls
|
Batting: RHB Santiago Valentín
|
0-0: Ball 1-0: Called Strike 1-1: Called Strike 1-2: Ball 2-2: Ball 3-2: Reached on error, E4 (Groundball, 4) Tomás Valdéz to second
|
Batting: LHB Raphaël Duval
|
0-0: Ball 1-0: Foul Ball, location: 2F 1-1: Ball 2-1: Swinging Strike 2-2: Strikes out swinging
|
Bottom of the 7th over - 0 runs, 0 hits, 1 error, 2 left on base; Lake Minnetonka 3 - Chesapeake 0 |
TOP OF THE 8TH |
Lake Minnetonka Love Boats batting - Pitching for Chesapeake Continentals : RHP Tsu-wee Qi
|
Pitching: RHP Kent Randall
|
|
Batting: LHB Juan Ramírez
|
0-0: Called Strike 0-1: Ball 1-1: Swinging Strike 1-2: Foul Ball, location: 2F 1-2: Ball 2-2: Foul Ball, location: 2F 2-2: Ball 3-2: Foul Ball, location: 2F 3-2: Strikes out swinging
|
Batting: RHB Guillermo Carrizales
|
0-0: Foul Ball, location: 2F 0-1: Foul Ball, location: 2F 0-2: Ball 1-2: Ball 2-2: Foul Ball, location: 2F 2-2: Strikes out swinging
|
Batting: LHB Wilton Maynard
|
0-0: Fly out, F8 (Flyball, 8LS)
|
Top of the 8th over - 0 runs, 0 hits, 0 errors, 0 left on base; Lake Minnetonka 3 - Chesapeake 0 |
BOTTOM OF THE 8TH |
Chesapeake Continentals batting - Pitching for Lake Minnetonka Love Boats : RHP Héctor Barrera
|
Batting: RHB Manuel Ángel
|
0-0: Foul Ball, location: 2F 0-1: Foul Ball, location: 2F 0-2: Foul Ball, location: 2F 0-2: Ball 1-2: SINGLE (Groundball, 6MD)
|
Batting: RHB Nick Bechtel
|
0-0: Called Strike 0-1: Ball 1-1: Ball 2-1: Foul Ball, location: 2F 2-2: Ball 3-2: Base on Balls Manuel Ángel to second
|
Batting: RHB Mark Sawyer
|
0-0: Ball 1-0: SINGLE (Groundball, 34S) (infield hit) Manuel Ángel to third Nick Bechtel to second
|
Pitching: RHP Pancho Mastache
|
|
Batting: RHB Shou-chien Luo
|
0-0: Called Strike 0-1: Ground out 5-3 (Groundball, 56S) Manuel Ángel scores Nick Bechtel to third Mark Sawyer to second
|
Pinch Hitting: SHB Bernie Nutall
|
0-0: Ball 1-0: Ball 2-0: Swinging Strike 2-1: Ball 3-1: Base on Balls
|
Batting: RHB Tony Calhoun
|
0-0: Ball 1-0: Called Strike 1-1: Fly out, F8 (Flyball, 8LM)
|
Batting: SHB Tomás Valdéz
|
0-0: Foul Ball, location: 2F 0-1: Fly out, F8 (Flyball, 8RS)
|
Bottom of the 8th over - 1 run, 2 hits, 0 errors, 3 left on base; Lake Minnetonka 3 - Chesapeake 1 |
TOP OF THE 9TH |
Lake Minnetonka Love Boats batting - Pitching for Chesapeake Continentals : RHP Kent Randall
|
Pitching: RHP Tom King
|
|
Now in LF: Bernie Nutall
|
|
Batting: RHB Francisco Guerra
|
0-0: Called Strike 0-1: Ball 1-1: Ball 2-1: Called Strike 2-2: Strikes out swinging
|
Batting: RHB Martin van Veldhuizen
|
0-0: Ball 1-0: TRIPLE (Flyball, 78XD)
|
Batting: RHB Yoshii Saikawa
|
0-0: Called Strike 0-1: Ball 1-1: Ball 2-1: Foul Ball, location: 2F 2-2: Foul Ball, location: 2F 2-2: Strikes out swinging
|
Batting: LHB Tom Haymon
|
0-0: Ball 1-0: Ball 2-0: Ball 3-0: Base on Balls
|
Pinch Hitting: LHB Matt Palmer
|
0-0: Ball 1-0: Ground out 4-3 (Groundball, 4)
|
Top of the 9th over - 0 runs, 1 hit, 0 errors, 2 left on base; Lake Minnetonka 3 - Chesapeake 1 |
BOTTOM OF THE 9TH |
Chesapeake Continentals batting - Pitching for Lake Minnetonka Love Boats : RHP Pancho Mastache
|
Pitching: RHP Harry Stogsdill
|
|
Now at 3B: Mike Bean
|
|
Batting: RHB Santiago Valentín
|
0-0: Foul Ball, location: 2F 0-1: Swinging Strike 0-2: Foul Ball, location: 2F 0-2: Foul Ball, location: 2F 0-2: Strikes out looking
|
Batting: LHB Raphaël Duval
|
0-0: Ball 1-0: Ball 2-0: Foul Ball, location: 2F 2-1: Ball 3-1: Base on Balls
|
Batting: RHB Manuel Ángel
|
0-0: Foul Ball, location: 2F 0-1: Ball 1-1: Foul Ball, location: 2F 1-2: Ball 2-2: Foul Ball, location: 2F 2-2: Ball 3-2: Fly out, F7 (Flyball, 7)
|
Batting: RHB Nick Bechtel
|
0-0: Called Strike 0-1: Ball 1-1: Ball 2-1: Fly out, F9 (Flyball, 9D)
|
Bottom of the 9th over - 0 runs, 0 hits, 0 errors, 1 left on base; Lake Minnetonka 3 - Chesapeake 1 |
|